 Dungeon Crawl Stone Soup version 0.29.1-4-g47bece8355 (webtiles) character file.

Game seed: 11694594579945725470

610 sanboga the Conjurer (level 7, -1/36 HPs)
             Began as a Deep Elf Conjurer on Dec 9, 2022.
             Slain by a gnoll
             ... wielding a +0 whip
             ... led by a gnoll bouda
              (4 damage)
             ... on level 4 of the Dungeon.
             The game lasted 00:05:13 (4617 turns).

sanboga the Conjurer (Deep Elf Conjurer)            Turns: 4617, Time: 00:05:14

Health: -1/36      AC:  4    Str:  4    XL:     7   Next: 20%
Magic:  7/17       EV: 14    Int: 25    God:
Gold:   171        SH:  0    Dex: 13    Spells: 12/17 levels left

rFire   . . .      SeeInvis .   p - +0 dagger (venom)
rCold   . . .      Faith    .   (no shield)
rNeg    . . .      Spirit   .   a - +0 robe
rPois   .          Reflect  .   c - +0 helmet
rElec   .          Harm     .   m - +0 cloak
rCorr   .          Rampage  .   (no gloves)
Will    +....                   (no boots)
Stlth   ++........              (no amulet)
HPRegen 0.12/turn               g - ring of willpower
MPRegen 0.15/turn               (no ring)

@: weakened
A: no striking features
a: no special abilities


You were on level 4 of the Dungeon.
You visited 1 branch of the dungeon, and saw 4 of its levels.

You collected 171 gold pieces.

Inventory:

Hand Weapons
 p - a +0 dagger of venom (weapon)
Armour
 a - a +0 robe (worn)
 c - a +0 helmet (worn)
 m - a +0 cloak (worn)
Jewellery
 g - a ring of willpower (left hand)
Wands
 l - a wand of digging (6)
Scrolls
 d - 8 scrolls of identify {unknown}
 e - a scroll of noise {unknown}
 i - 3 scrolls of teleportation {unknown}
 q - a scroll of enchant armour {unknown}
 r - a scroll of brand weapon {unknown}
Potions
 b - 4 potions of magic
 f - a potion of haste {unknown}
 j - 3 potions of mutation {unknown}
 k - 2 potions of curing
 n - a potion of attraction {unknown}


   Skills:
 + Level 5.1 Dodging
 - Level 2.4 Stealth
 + Level 5.8 Spellcasting
 * Level 7.5 Conjurations


You had 12 spell levels left.
You knew the following spells:

 Your Spells              Type           Power      Damage    Failure   Level
a - Magic Dart            Conj           100%       1d8       1%          1
b - Fulminant Prism       Conj/Hex       13%        3d9       16%         4

Your spell library contained the following spells:

 Spells                   Type           Power      Damage    Failure   Level
 Searing Ray              Conj           88%        2d7       1%          2
 Dazzling Flash           Conj/Hex       52%        N/A       4%          3
 Iskenderun's Mystic Bla  Conj/Tloc      26%        2d7       16%         4


Dungeon Overview and Level Annotations

Branches:
Dungeon (4/15)
 Temple: D:4-7

Altars:
Makhleb
Nemelex Xobeh
Uskayaw

Annotations:
D:4 1 runed translucent door, Natasha; coldfrog's ghost, amateur DsNe


Message History

The gnoll bouda is heavily wounded.
A gnoll comes into view. It is wielding a +0 whip.
A gnoll comes into view. It is wielding a +0 club.
The gnoll bouda hits you with a +0 whip!
Casting: Magic Dart (safe; 1% risk of failure)
Confirm with . or Enter, or press ? or * to list all spells.
Aiming: Magic Dart (safe; 1% risk of failure)
Press: ? - help, Shift-Dir - straight line, f/p - gnoll bouda
Aim: a gnoll bouda, wielding a +0 whip, wearing a +0 leather armour and wearing a ring of protection from fire (heavily wounded, 100% to hit)
The magic dart hits the gnoll bouda.
The gnoll bouda is severely wounded.
A gnoll comes into view. It is wielding a +0 spear.
The gnoll bouda gazes fiercely through you!
You feel your attacks grow feeble.
The gnoll bouda hits you with a +0 whip!
Casting: Magic Dart (safe; 1% risk of failure)
Confirm with . or Enter, or press ? or * to list all spells.
Aiming: Magic Dart (safe; 1% risk of failure)
Press: ? - help, Shift-Dir - straight line, f/p - gnoll bouda
Aim: a gnoll bouda, wielding a +0 whip, wearing a +0 leather armour and wearing a ring of protection from fire (severely wounded, 100% to hit)
The magic dart hits the gnoll bouda.
The gnoll bouda is almost dead.
The gnoll shouts!
The gnoll bouda hits you with a +0 whip!
* * * LOW HITPOINT WARNING * * *
The gnoll hits you with a +0 whip.
* * * LOW HITPOINT WARNING * * *
Casting: Magic Dart (safe; 1% risk of failure)
Confirm with . or Enter, or press ? or * to list all spells.
Aiming: Magic Dart (safe; 1% risk of failure)
Press: ? - help, Shift-Dir - straight line, f/p - gnoll bouda
Aim: a gnoll bouda, wielding a +0 whip, wearing a +0 leather armour and wearing a ring of protection from fire (almost dead, 100% to hit)
The magic dart hits the gnoll bouda!
You kill the gnoll bouda!
Natasha, Servant of Life and Death comes into view.
The gnoll barely misses you.
As you read the scroll labelled HUUMAEWI UKECK, it crumbles to dust.
The creatures around you are filled with an inner flame!
It was a scroll of immolation.
The gnoll hits you with a +0 whip.
You die...

###.# #.......#
.. #.......#
#.......# ##
#..##...# ...
###..##...# ....
#.....'...# .....
#.....#...#
...)..#)g...#...#
.).h..÷g)@..#...#
......#..g..#...#
..... #(....#...#
.... #.....#...#
... #....##...#
.. #....# .
#..... #......


You could see Natasha (wandering, inner flame) and 3 gnolls.

Vanquished Creatures
  Sigmund (D:3)
  A necrophage (D:4)
  A hound (D:4)
  An orc priest (D:4)
  Crazy Yiuf (D:3)
  A gnoll bouda (D:4)
  Ijyb (D:3)
  Natasha (twice) (D:4)
  2 orc wizards (D:4)
  5 adders
  4 gnolls (D:4)
  A worm (D:2)
  2 dart slugs
  5 orcs
  2 endoplasms
  3 giant cockroaches
  8 goblins
  6 hobgoblins
  2 quokkas
  11 ball pythons
  5 bats
  2 frilled lizards
  3 kobolds (D:3)
  4 rats
74 creatures vanquished.

Notes
Turn   | Place    | Note
-------+----------+-------------------------------------------
     0 | D:1      | sanboga the Deep Elf Conjurer began the quest for the Orb.
     0 | D:1      | Reached XP level 1. HP: 10/10 MP: 6/6
   623 | D:1      | Reached XP level 2. HP: 15/15 MP: 4/8
  1341 | D:2      | Reached skill level 5 in Conjurations
  1341 | D:2      | Reached XP level 3. HP: 19/19 MP: 5/10
  2075 | D:2      | Reached XP level 4. HP: 24/24 MP: 7/11
  2080 | D:2      | Learned a level 4 spell: Fulminant Prism
  2228 | D:3      | Found a sparkling altar of Nemelex Xobeh.
  2300 | D:3      | Found a hide-covered altar of Uskayaw.
  2541 | D:3      | Noticed Sigmund
  2550 | D:3      | Killed Sigmund
  2551 | D:3      | Reached skill level 6 in Conjurations
  2551 | D:3      | Reached XP level 5. HP: 12/28 MP: 4/14
  2837 | D:3      | Noticed Ijyb
  2849 | D:3      | Killed Ijyb
  2850 | D:3      | Reached XP level 6. HP: 25/32 MP: 4/15
  2927 | D:3      | Found a runed translucent door.
  2928 | D:3      | Noticed Crazy Yiuf
  2939 | D:3      | Killed Crazy Yiuf
  2940 | D:3      | Reached skill level 5 in Spellcasting
  3358 | D:3      | Found a faded altar of an unknown god.
  3502 | D:4      | Noticed coldfrog's ghost (amateur DsNe)
  3614 | D:4      | Reached skill level 7 in Conjurations
  3617 | D:4      | Found a runed translucent door.
  4179 | D:4      | Found a burning altar of Makhleb.
  4316 | D:4      | Noticed Natasha
  4326 | D:4      | Killed Natasha
  4327 | D:4      | Reached skill level 5 in Dodging
  4327 | D:4      | Reached XP level 7. HP: 15/36 MP: 9/17
  4472 | D:4      | Noticed Natasha
  4479 | D:4      | Killed Natasha
  4616 | D:4      | Noticed Natasha
  4617 | D:4      | Slain by a gnoll

Illustrated notes

Levels and vault maps discovered:
D:1:      psy_arrival_spokes, layout_basic
D:2:      layout_basic
D:3:      layout_rooms, mainiacjoe_overflow_catwalk_spiral,
          shapermc_ecumenical_altar_pompeii, minmay_liquid_box,
          uniq_crazy_yiuf_cottage, uniq_sigmund, uniq_ijyb
D:4:      layout_gridville, mainiacjoe_overflow_paths,
          grunt_temple_overflow_order_and_chaos_1,
          hellmonk_ghost_happy_afterlife, uniq_natasha

Skill      XL: |  1  2  3  4  5  6 |
---------------+-------------------+-----
Dodging        | 3 4 5 |  5.1
Conjurations   | 5 6 7 |  7.5
Spellcasting   | 4 5 |  5.8
Stealth        | |  2.4

Action                   |  1- 3 |  4- 6 |  7- 9 || total
-------------------------+-------+-------+-------++-------
Melee: Dagger            |       |    11 |       ||    11
       Punch             |       |     2 |       ||     2
 Cast: Magic Dart        |    63 |   129 |    26 ||   218
  Use: Scroll            |       |       |     2 ||     2
Armor: Robe              |     3 |     7 |     1 ||    11
Dodge: Dodged            |     4 |    27 |     5 ||    36
